 Dungeon Crawl Stone Soup version 0.28-a0-1347-g113dc556a4 (webtiles) character file.

Game seed: 1425561050071160370

0 RepHenryClay the Chiller (level 1, 8/13 HPs)
             Began as a Gnoll Wanderer on Dec 29, 2021.
             Quit the game on level 1 of the Dungeon.
             The game lasted 00:00:15 (38 turns).

RepHenryClay the Chiller (Gnoll Wanderer)             Turns: 38, Time: 00:00:15

Health: 8/13       AC:  3    Str:  9    XL:     1   Next: 10%
Magic:  4/4        EV: 12    Int: 14    God:
Gold:   0          SH:  0    Dex: 10    Spells: 5/5 levels left

rFire   . . .      SeeInvis .   a - +0 dagger
rCold   . . .      Faith    .   (no shield)
rNeg    . . .      Spirit   .   b - +0 robe
rPois   .          Reflect  .   (no helmet)
rElec   .          Harm     .   (no cloak)
rCorr   .          Rampage  .   (no gloves)
Will    .....                   c - +0 pair of boots
Stlth   +++.......              (no amulet)
HPRegen 0.04/turn               (no ring)
MPRegen 0.09/turn               (no ring)

@: no status effects
A: fangs 1, strong nose, distributed training
a: no special abilities


You were on level 1 of the Dungeon.
You visited 1 branch of the dungeon, and saw 1 of its levels.

Inventory:

Hand Weapons
 a - a +0 dagger (weapon)
Armour
 b - a +0 robe (worn)
 c - a +0 pair of boots (worn)
Magical Staves
 d - a staff of death


   Skills:
 + Level 0.0 Fighting
 + Level 0.0 Short Blades
 + Level 0.0 Long Blades
 + Level 0.0 Axes
 + Level 0.0 Maces & Flails
 + Level 0.0 Polearms
 + Level 0.0 Staves
 + Level 0.0 Slings
 + Level 0.0 Bows
 + Level 0.0 Crossbows
 + Level 0.0 Throwing
 + Level 0.0 Armour
 + Level 2.3 Dodging
 + Level 5.8 Stealth
 + Level 0.0 Shields
 + Level 0.0 Unarmed Combat
 + Level 2.6 Spellcasting
 + Level 0.0 Conjurations
 + Level 1.9 Hexes
 + Level 0.0 Summonings
 + Level 0.0 Necromancy
 + Level 0.0 Translocations
 + Level 0.0 Transmutations
 + Level 0.0 Fire Magic
 + Level 7.0 Ice Magic
 + Level 0.0 Air Magic
 + Level 0.0 Earth Magic
 + Level 0.0 Poison Magic
 + Level 0.0 Invocations
 + Level 0.0 Evocations


You had 5 spell levels left.
You didn't know any spells.
Your spell library contained the following spells:

 Spells                   Type           Power      Damage    Failure   Level
 Freeze                   Ice            84%        1d10      1%          1
 Slow                     Hex            28%        N/A       10%         1
 Tukima's Dance           Hex            7%         N/A       30%         3
 Hailstorm                Conj/Ice       11%        3d5       45%         4
 Summon Ice Beast         Ice/Summ       11%        N/A       45%         4


Dungeon Overview and Level Annotations

Branches:
Dungeon (1/15)

Altars:


Innate Abilities, Weirdness & Mutations

You have very sharp teeth.
Your uncanny sense of smell can sniff out nearby items.
Your experience applies equally to all skills.


Message History

There is an open door here.
Found 25 sling bullets.
Okay, then.
Unknown command.
Found a crooked smoking staff.
A giant cockroach and a kobold come into view.
You see here a staff of death.
d - a staff of death A goblin comes into view.
It is wielding a +0 club.
Found 5 gold pieces.
The helpless kobold fails to defend itself.
You puncture the kobold!
You kill the kobold!
You hit the giant cockroach but do no damage.
The giant cockroach bites you but does no damage.
You closely miss the giant cockroach. The giant cockroach bites you.
Damage: -7%(-1hp) hp: 93%(12hp)
You closely miss the giant cockroach. Your bite misses the giant cockroach.
The giant cockroach bites you. The giant cockroach misses you.
Damage: -8%(-1hp) hp: 85%(11hp)
You hit the giant cockroach but do no damage.
Your bite misses the giant cockroach.
The goblin shouts!
The giant cockroach closely misses you.
You barely miss the giant cockroach. The giant cockroach closely misses you.
You barely miss the giant cockroach.
The giant cockroach bites you but does no damage.
You closely miss the giant cockroach. The giant cockroach barely misses you.
You hit the giant cockroach but do no damage.
The giant cockroach barely misses you.
The giant cockroach bites you but does no damage.
You hit the giant cockroach.
The giant cockroach is moderately wounded.
The giant cockroach bites you but does no damage.
You closely miss the giant cockroach.
You bite the giant cockroach, but do no damage.
The giant cockroach is moderately wounded.
The giant cockroach bites you. The goblin hits you with a +0 club.
Huge Dmg: -23%(-3hp) hp: 62%(8hp) Are you sure you want to abandon this character and quit the game? (Confirm with "yes".)

#####
#######...######♣#♣
...................
#######.#....#..♣.♣.
#.####.#......
#...##@B......
.#######.#.###g......
.........#.##........
###+###..#...........
#............##......
#######.#'#.....##
.♣.♣..
#.....'.#.+.....#
..$...
#..<..#.#.#(.....# .♣
♣.
#..>..#+#.#........


You could see a giant cockroach and a goblin.

Vanquished Creatures
  A kobold (D:1)
1 creature vanquished.

Notes
Turn   | Place    | Note
-------+----------+-------------------------------------------
     0 | D:1      | RepHenryClay the Gnoll Wanderer began the quest for the
                  | Orb.
     0 | D:1      | RepHenryClay set off with the following items: a +0 dagger,
                  | a +0 robe, a +0 pair of boots; and the following spells
                  | available to memorise: Freeze, Slow, Tukima's Dance,
                  | Hailstorm, Summon Ice Beast
     0 | D:1      | Reached XP level 1. HP: 13/13 MP: 4/4
    38 | D:1      | Quit the game

Illustrated notes

Levels and vault maps discovered:
D:1:      shiori_arrival_maze, layout_rooms, serial_forest,
          infiniplex_forest_lined_1, infiniplex_forest_lined_corner,
          infiniplex_forest_lined_2, infiniplex_forest_clump_long,
          infiniplex_forest_clump_long, infiniplex_forest_end_2,
          infiniplex_forest_lined_2, infiniplex_forest_lined_2,
          minmay_gold_behind_fungi, minmay_misc_feat_secret_circle

Action                   || total
-------------------------++-------
Melee: Dagger            ||    11
       Bite              ||     1
 Stab: Sleeping          ||     1
Armor: Robe              ||     4
Dodge: Dodged            ||     5

Table legend: (Time is in decaauts)
 A = Elapsed time spent in this place.
 B = Non-inter-level travel time spent in this place.
 C = Inter-level travel time spent in this place.
 D = Time resting spent in this place.
 E = Time spent auto-exploring this place.
 F = Levels seen in this place.
 G = Mean time per level.
                   A        B        C        D        E       F      G
               +--------+--------+--------+--------+--------+-----+--------+
         Total |     38 |     38 |      0 |      0 |     21 |   1 |   38.0 |
       Dungeon |     38 |     38 |      0 |      0 |     21 |   1 |   38.0 |
               +--------+--------+--------+--------+--------+-----+--------+

Top non-repeatable levels by time:
     D:1: 38 daAuts
